AoeStats
← LRNI Streck

African Clearing

510891797Analyzed
3v3 RM · 13h ago on Oct 3, 2026· 36m 2s· 6 players
Game mode
Random Map
Map size
Normal (6 player)
Population
200
Speed
Normal
Resources
Standard
Victory
Conquest
Starting age
Dark Age
Ending age
Imperial Age
RankedLock teamsTeams togetherTeam positionsShared explorationLock speedFull tech treeHidden civsTurbo modeCheats
Victory
Defeat
🇦🇷 Goths · Argentina
1192
+12
🇦🇷 Magyars · Argentina
1153
+13
🇦🇷 Huns · Argentina
991
+20
🇪🇨 Jurchens · Ecuador
1116
-16
🇵🇪 Sicilians · Peru
1092
-15
🇨🇱 Franks · Chile
1057
-14
LRNI Streck
9:40 Loom
13:58 Feudal Age
22:12 Castle Age
20:58 Scale Barding Armor
21:03 Forging
20:43 Double-Bit Axe
20:55 Gold Mining
21:36 Fletching
21:40 Stone Mining
23:14 Bodkin Arrow
25:10 Wheelbarrow
25:33 Husbandry
26:10 Chain Barding Armor
28:21 Gold Shaft Mining
30:35 Iron Casting
34:47 Town Watch
34:47 Pikeman
ReverbMate
10:51 Loom
14:59 Feudal Age
15:26 Double-Bit Axe
18:27 Gold Mining
19:33 Wheelbarrow
21:12 Horse Collar
21:45 Scale Mail Armor
25:25 Forging
29:36 Fletching
31:52 Castle Age
30:51 Bloodlines
32:01 Pikeman
33:05 Town Watch
34:03 Chain Mail Armor
33:18 Light Cavalry
34:32 Hand Cart
34:57 Heavy Plow
35:25 Squires
36:59 Iron Casting
paulpacheco01
5:49 Loom
14:12 Feudal Age
23:34 Fletching
28:23 Castle Age
31:46 Fletching
32:47 Town Watch
TWR | Don Alejo
4:08 Loom
13:05 Feudal Age
13:11 Man-at-Arms
13:41 Double-Bit Axe
14:50 Arson
19:44 Horse Collar
25:29 Castle Age
26:09 Wheelbarrow
25:56 Scale Barding Armor
26:10 Bloodlines
27:08 Bow Saw
30:24 Chain Barding Armor
31:46 Gold Mining
TWR | lenapio
9:45 Loom
10:13 Loom
12:13 Feudal Age
12:56 Double-Bit Axe
26:15 Castle Age
26:39 Stone Mining
28:15 Forging
28:44 Horse Collar
31:22 Bow Saw
33:12 Bloodlines
34:31 Wheelbarrow
TWR | Jamoncito serrano
5:19 Loom
15:25 Feudal Age
15:55 Double-Bit Axe
15:54 Horse Collar
18:08 Padded Archer Armor
18:56 Fletching
29:15 Castle Age
27:22 Stone Mining
27:23 Gold Mining
29:39 Crossbowman
30:26 Thumb Ring
30:52 Bodkin Arrow
31:12 Leather Archer Armor
31:56 Squires
32:43 Bow Saw
Connection lost

Rejoining the realm…

Still unreachable

The connection could not be restored.

Session expired

The server has moved on; the page needs a fresh start.